TOP OF THE 1ST |
Castries Palmeras batting - Pitching for Santa Ana Cafes : RHP Kevin Gross
|
Pitching: RHP Kevin Gross
|
|
Batting: LHB Leo Sutherland
|
0-0: Ball 1-0: Called Strike 1-1: Fly out, F4 (Flyball, 34D, EV 88.8 MPH)
|
Batting: RHB Chuckie Canady
|
0-0: Ball 1-0: Called Strike 1-1: Swinging Strike 1-2: Foul Ball, location: 2F 1-2: Ground out 4-3 (Groundball, 34, EV 102.5 MPH)
|
Batting: RHB Kevin McReynolds
|
0-0: Ground out 4-3 (Groundball, 4, EV 81.9 MPH)
|
Top of the 1st over - 0 runs, 0 hits, 0 errors, 0 left on base; Castries 0 - Santa Ana 0 |
BOTTOM OF THE 1ST |
Santa Ana Cafes batting - Pitching for Castries Palmeras : RHP Mark Dempsey
|
Pitching: RHP Mark Dempsey
|
|
Batting: SHB Steve Scafa
|
0-0: Called Strike 0-1: Ball 1-1: Ball 2-1: Ball 3-1: Base on Balls
|
Batting: RHB Edwin Rodriguez
|
0-0: Called Strike 0-1: Grounds into double play, 6-4-3 (Groundball, 6, EV 98.8 MPH)
|
Batting: RHB Glenn Davis
|
0-0: Called Strike 0-1: Foul Ball, location: 2F 0-2: Foul Ball, location: 2F 0-2: Fly out, F8 (Flyball, 8RM, EV 84.4 MPH)
|
Bottom of the 1st over - 0 runs, 0 hits, 0 errors, 0 left on base; Castries 0 - Santa Ana 0 |
TOP OF THE 2ND |
Castries Palmeras batting - Pitching for Santa Ana Cafes : RHP Kevin Gross
|
Batting: LHB Dan Logan
|
0-0: Ball 1-0: Called Strike 1-1: Ball 2-1: Ball 3-1: Base on Balls
|
Batting: LHB Franklin Lopez
|
0-0: Ball 1-0: Called Strike 1-1: Called Strike 1-2: Strikes out looking
|
Batting: RHB Mike Sharperson
|
0-0: Called Strike 0-1: Swinging Strike 0-2: Foul Ball, location: 2F 0-2: Ball 1-2: Foul Ball, location: 2F 1-2: Fielders Choice at 2nd, 5-4 (Groundball, 56, EV 110.6 MPH)
|
Batting: RHB Tony Walker
|
0-0: Ball Mike Sharperson steals 2nd base 1-0: Ball 2-0: Ball 3-0: Called Strike 3-1: Called Strike 3-2: Ground out 5-3 (Groundball, 56, EV 76.3 MPH)
|
Top of the 2nd over - 0 runs, 0 hits, 0 errors, 1 left on base; Castries 0 - Santa Ana 0 |
BOTTOM OF THE 2ND |
Santa Ana Cafes batting - Pitching for Castries Palmeras : RHP Mark Dempsey
|
Batting: RHB Barry Siebert
|
0-0: Ball 1-0: Ball 2-0: SINGLE (Groundball, 13S, EV 61.3 MPH) (infield hit)
|
Batting: LHB Andre David
|
0-0: Ball Barry Siebert steals 2nd base 1-0: Ball 2-0: Fly out, F8 (Flyball, 8LM, EV 90.6 MPH)
|
Batting: SHB Esteban Mendez
|
0-0: Called Strike 0-1: Ball 1-1: Ball 2-1: Fly out, F8 (Flyball, 8RD, EV 97.5 MPH)
|
Batting: RHB Martinho Varandas
|
0-0: Ball 1-0: Foul Ball, location: 2F 1-1: Called Strike 1-2: Fly out, F8 (Flyball, 8LXD, EV 90.0 MPH)
|
Bottom of the 2nd over - 0 runs, 1 hit, 0 errors, 1 left on base; Castries 0 - Santa Ana 0 |
TOP OF THE 3RD |
Castries Palmeras batting - Pitching for Santa Ana Cafes : RHP Kevin Gross
|
Batting: RHB Stewart Bringhurst
|
0-0: Ground out 6-3 (Groundball, 6, EV 106.3 MPH)
|
Batting: SHB Danny Torres
|
0-0: Called Strike 0-1: Ball 1-1: Called Strike 1-2: Strikes out swinging
|
Batting: LHB Leo Sutherland
|
0-0: Called Strike 0-1: Ball 1-1: Foul Ball, location: 2F 1-2: SINGLE (Groundball, 6M, EV 101.3 MPH) (infield hit)
|
Batting: RHB Chuckie Canady
|
0-0: Called Strike 0-1: Swinging Strike 0-2: Strikes out swinging
|
Top of the 3rd over - 0 runs, 1 hit, 0 errors, 1 left on base; Castries 0 - Santa Ana 0 |
BOTTOM OF THE 3RD |
Santa Ana Cafes batting - Pitching for Castries Palmeras : RHP Mark Dempsey
|
Batting: RHB Donn Koch
|
0-0: Ball 1-0: Called Strike 1-1: Ball 2-1: SINGLE (Groundball, 6MD, EV 101.9 MPH)
|
Batting: RHB Luis A Rivera
|
0-0: Ball 1-0: Foul Ball, location: 2F 1-1: Called Strike 1-2: Ball 2-2: Strikes out looking
|
Batting: SHB Steve Scafa
|
0-0: Called Strike 0-1: Foul Ball, location: 2F 0-2: Strikes out swinging
|
Batting: RHB Edwin Rodriguez
|
0-0: Called Strike 0-1: Foul Ball, location: 2F 0-2: Ball 1-2: Ball 2-2: Fly out, F3 (Flyball, 3D, EV 84.4 MPH)
|
Bottom of the 3rd over - 0 runs, 1 hit, 0 errors, 1 left on base; Castries 0 - Santa Ana 0 |
TOP OF THE 4TH |
Castries Palmeras batting - Pitching for Santa Ana Cafes : RHP Kevin Gross
|
Batting: RHB Kevin McReynolds
|
0-0: Ball 1-0: Fly out, F7 (Flyball, 7LM, EV 80.0 MPH)
|
Batting: LHB Dan Logan
|
0-0: Ball 1-0: Called Strike 1-1: Ball 2-1: DOUBLE (Line Drive, 89XD, EV 97.5 MPH)
|
Batting: LHB Franklin Lopez
|
0-0: Called Strike 0-1: Ball 1-1: Ball 2-1: Ball 3-1: Called Strike 3-2: Base on Balls
|
Batting: RHB Mike Sharperson
|
0-0: Ball 1-0: Fielders Choice at 2nd, 6-4 (Groundball, 6S, EV 85.6 MPH) Dan Logan to third
|
Batting: RHB Tony Walker
|
0-0: Foul Ball, location: 2F 0-1: Ball 1-1: Foul Ball, location: 2F 1-2: Ball 2-2: Foul Ball, location: 2F 2-2: SINGLE (Flyball, 5D, EV 87.5 MPH) Dan Logan scores Mike Sharperson to second Mike Sharperson to third
|
Batting: RHB Stewart Bringhurst
|
0-0: Called Strike 0-1: Ball 1-1: Ball 2-1: Foul Ball, location: 2F 2-2: Strikes out swinging
|
Top of the 4th over - 1 run, 2 hits, 0 errors, 2 left on base; Castries 1 - Santa Ana 0 |
BOTTOM OF THE 4TH |
Santa Ana Cafes batting - Pitching for Castries Palmeras : RHP Mark Dempsey
|
Batting: RHB Glenn Davis
|
0-0: Foul Ball, location: 2F 0-1: Fly out, F9 (Flyball, 89M, EV 96.3 MPH)
|
Batting: RHB Barry Siebert
|
0-0: Foul Ball, location: 2F 0-1: Foul Ball, location: 2F 0-2: SINGLE (Groundball, 6MD, EV 94.4 MPH)
|
Batting: LHB Andre David
|
0-0: Foul Ball, location: 2F 0-1: Ball 1-1: Ball 2-1: Swinging Strike 2-2: Fly out, F7 (Flyball, 7LM, EV 96.3 MPH)
|
Batting: SHB Esteban Mendez
|
0-0: SINGLE (Flyball, 6D, EV 91.3 MPH) Barry Siebert to second Runner from 2nd tries for 3rd, SAFE, throw by CF made to third
|
Batting: RHB Martinho Varandas
|
0-0: SINGLE (Line Drive, 8RS, EV 108.8 MPH) Barry Siebert scores Esteban Mendez to second
|
Batting: RHB Donn Koch
|
0-0: Called Strike 0-1: Swinging Strike 0-2: Strikes out looking
|
Bottom of the 4th over - 1 run, 3 hits, 0 errors, 2 left on base; Castries 1 - Santa Ana 1 |
TOP OF THE 5TH |
Castries Palmeras batting - Pitching for Santa Ana Cafes : RHP Kevin Gross
|
Batting: SHB Danny Torres
|
0-0: SINGLE (Groundball, 3D, EV 99.4 MPH)
|
Batting: LHB Leo Sutherland
|
0-0: Ball 1-0: Called Strike 1-1: Foul Ball, location: 2F 1-2: Ball 2-2: Ball 3-2: DOUBLE (Line Drive, 8LD, EV 101.9 MPH) Danny Torres to third Runner from 3rd tries for Home, SAFE, throw by CF to home
|
Batting: RHB Chuckie Canady
|
0-0: Ball 1-0: Ball 2-0: Called Strike 2-1: Swinging Strike 2-2: Foul Ball, location: 2F 2-2: Strikes out swinging
|
Batting: RHB Kevin McReynolds
|
0-0: Foul Ball, location: 2F 0-1: Fly out, F7 (Flyball, 7LM, EV 76.3 MPH)
|
Batting: LHB Dan Logan
|
0-0: Swinging Strike 0-1: Ball 1-1: Foul Ball, location: 2F 1-2: Strikes out swinging
|
Top of the 5th over - 1 run, 2 hits, 0 errors, 1 left on base; Castries 2 - Santa Ana 1 |
BOTTOM OF THE 5TH |
Santa Ana Cafes batting - Pitching for Castries Palmeras : RHP Mark Dempsey
|
Batting: RHB Luis A Rivera
|
0-0: Ball 1-0: Ball 2-0: Called Strike 2-1: Foul Ball, location: 2F 2-2: Foul Ball, location: 2F 2-2: Strikes out swinging
|
Batting: SHB Steve Scafa
|
0-0: Called Strike 0-1: Ball 1-1: Foul Ball, location: 2F 1-2: Ball 2-2: Ball 3-2: Ground out 4-3 (Groundball, 4S, EV 81.9 MPH)
|
Batting: RHB Edwin Rodriguez
|
0-0: Ball 1-0: Swinging Strike 1-1: Foul Ball, location: 2F 1-2: Ground out U3 (Groundball, 3, EV 108.8 MPH)
|
Bottom of the 5th over - 0 runs, 0 hits, 0 errors, 0 left on base; Castries 2 - Santa Ana 1 |
TOP OF THE 6TH |
Castries Palmeras batting - Pitching for Santa Ana Cafes : RHP Kevin Gross
|
Batting: LHB Franklin Lopez
|
0-0: Ball 1-0: Ball 2-0: Ball 3-0: Base on Balls
|
Batting: RHB Mike Sharperson
|
0-0: Ball 1-0: Foul Ball, location: 2F 1-1: Foul Ball, location: 2F 1-2: Fly out, F7 (Line Drive, 7D, EV 88.8 MPH)
|
Batting: RHB Tony Walker
|
0-0: Called Strike 0-1: Foul Ball, location: 2F 0-2: Strikes out swinging
|
Batting: RHB Stewart Bringhurst
|
0-0: Called Strike 0-1: Called Strike 0-2: Ball 1-2: Strikes out swinging
|
Top of the 6th over - 0 runs, 0 hits, 0 errors, 1 left on base; Castries 2 - Santa Ana 1 |
BOTTOM OF THE 6TH |
Santa Ana Cafes batting - Pitching for Castries Palmeras : RHP Mark Dempsey
|
Batting: RHB Glenn Davis
|
0-0: Ball 1-0: Ball 2-0: SINGLE (Flyball, 3D, EV 88.8 MPH)
|
Batting: RHB Barry Siebert
|
0-0: Called Strike 0-1: Foul Ball, location: 2F 0-2: Ball 1-2: Fly out, F7 (Line Drive, 7D, EV 94.4 MPH)
|
Batting: LHB Andre David
|
0-0: SINGLE (Groundball, 6S, EV 63.8 MPH) (infield hit) Glenn Davis to second
|
Batting: SHB Esteban Mendez
|
0-0: Called Strike 0-1: Fielders Choice at 2nd, 4-6 (Groundball, 4, EV 81.3 MPH) Glenn Davis to third
|
Batting: RHB Martinho Varandas
|
0-0: Ball 1-0: Swinging Strike 1-1: Swinging Strike 1-2: Ball Wild Pitch! Glenn Davis scores Esteban Mendez to second 2-2: Strikes out looking
|
Bottom of the 6th over - 1 run, 2 hits, 0 errors, 1 left on base; Castries 2 - Santa Ana 2 |
TOP OF THE 7TH |
Castries Palmeras batting - Pitching for Santa Ana Cafes : RHP Kevin Gross
|
Batting: SHB Danny Torres
|
0-0: Called Strike 0-1: Ball 1-1: Foul Ball, location: 2F 1-2: Foul Ball, location: 2F 1-2: Strikes out swinging
|
Batting: LHB Leo Sutherland
|
0-0: Called Strike 0-1: Ball 1-1: Swinging Strike 1-2: Ball 2-2: Ball 3-2: Base on Balls
|
Batting: RHB Chuckie Canady
|
0-0: Ball 1-0: Fly out, F3 (Popup, 3SF, EV 81.9 MPH)
|
Batting: RHB Kevin McReynolds
|
0-0: Ground out 1-3 (Groundball, 13, EV 74.4 MPH)
|
Top of the 7th over - 0 runs, 0 hits, 0 errors, 1 left on base; Castries 2 - Santa Ana 2 |
BOTTOM OF THE 7TH |
Santa Ana Cafes batting - Pitching for Castries Palmeras : RHP Mark Dempsey
|
Batting: RHB Donn Koch
|
0-0: Ball 1-0: Ball 2-0: Ball 3-0: Base on Balls
|
Batting: RHB Luis A Rivera
|
0-0: Called Strike 0-1: Grounds into double play, 6-4-3 (Groundball, 6, EV 82.5 MPH)
|
Batting: SHB Steve Scafa
|
0-0: Ball 1-0: Ball 2-0: Ball 3-0: Base on Balls
|
Batting: RHB Edwin Rodriguez
|
0-0: Ball 1-0: Called Strike 1-1: Called Strike Steve Scafa steals 2nd base 1-2: Foul Ball, location: 2F 1-2: Strikes out swinging
|
Bottom of the 7th over - 0 runs, 0 hits, 0 errors, 1 left on base; Castries 2 - Santa Ana 2 |
TOP OF THE 8TH |
Castries Palmeras batting - Pitching for Santa Ana Cafes : RHP Kevin Gross
|
Batting: LHB Dan Logan
|
0-0: Ball 1-0: Fly out, F8 (Flyball, 8LM, EV 80.0 MPH)
|
Batting: LHB Franklin Lopez
|
0-0: Swinging Strike 0-1: Called Strike 0-2: Strikes out swinging
|
Batting: RHB Mike Sharperson
|
0-0: Ball 1-0: Ball 2-0: Ball 3-0: Called Strike 3-1: SINGLE (Line Drive, 6MD, EV 95.0 MPH)
|
Pitching: RHP Rick Behenna
|
|
Batting: RHB Tony Walker
|
0-0: Ball 1-0: Called Strike 1-1: Ball 2-1: Foul Ball, location: 2F 2-2: Ground out 5-3 (Groundball, 5, EV 85.0 MPH)
|
Top of the 8th over - 0 runs, 1 hit, 0 errors, 1 left on base; Castries 2 - Santa Ana 2 |
BOTTOM OF THE 8TH |
Santa Ana Cafes batting - Pitching for Castries Palmeras : RHP Mark Dempsey
|
Batting: RHB Glenn Davis
|
0-0: Foul Ball, location: 2F 0-1: Ball 1-1: Ground out 6-3 (Groundball, 6, EV 91.3 MPH)
|
Batting: RHB Barry Siebert
|
0-0: Called Strike 0-1: Foul Ball, location: 2F 0-2: Strikes out swinging
|
Batting: LHB Andre David
|
0-0: Fly out, F9 (Flyball, 89S, EV 77.5 MPH)
|
Bottom of the 8th over - 0 runs, 0 hits, 0 errors, 0 left on base; Castries 2 - Santa Ana 2 |
TOP OF THE 9TH |
Castries Palmeras batting - Pitching for Santa Ana Cafes : RHP Rick Behenna
|
Pinch Hitting: SHB Ignacio Medina
|
0-0: Ball 1-0: Ball 2-0: Ball 3-0: Foul Ball, location: 2F 3-1: Base on Balls
|
Batting: SHB Danny Torres
|
0-0: Ball 1-0: Called Strike 1-1: Ball 2-1: Bunted foul 2-2: Fly out, F8 (Flyball, 8LXD, EV 98.8 MPH)
|
Batting: LHB Leo Sutherland
|
0-0: Swinging Strike 0-1: Ball 1-1: Ball Ignacio Medina steals 2nd base (no throw) 2-1: Called Strike 2-2: Strikes out swinging
|
Batting: RHB Chuckie Canady
|
0-0: Ball 1-0: Called Strike 1-1: Reached on error, E5 (Groundball, 5, EV 101.9 MPH) Ignacio Medina scores
|
Batting: RHB Kevin McReynolds
|
0-0: Ground out 4-3 (Groundball, 4, EV 83.1 MPH)
|
Top of the 9th over - 1 run, 0 hits, 1 error, 1 left on base; Castries 3 - Santa Ana 2 |
BOTTOM OF THE 9TH |
Santa Ana Cafes batting - Pitching for Castries Palmeras : RHP Mark Dempsey
|
Pitching: LHP Richard Broas
|
|
Now at C: Brad Fischer
|
|
Now at 2B: Danny Ramires
|
|
Now in CF: Ignacio Medina
|
|
Now in RF: Rob Teegarden
|
|
Batting: SHB Esteban Mendez
|
0-0: Ground out 6-3 (Groundball, 6, EV 94.4 MPH)
|
Batting: RHB Martinho Varandas
|
0-0: Fly out, F4 (Flyball, 4D, EV 93.1 MPH)
|
Batting: RHB Donn Koch
|
0-0: Called Strike 0-1: Ball 1-1: Ball 2-1: Ground out U3 (Groundball, 3S, EV 89.4 MPH)
|
Bottom of the 9th over - 0 runs, 0 hits, 0 errors, 0 left on base; Castries 3 - Santa Ana 2 |
|